 Dungeon Crawl Stone Soup version 0.22-a0-322-g60b3cfd (webtiles) character file.

26 Kairos the Skirmisher (level 3, 30/30 HPs)
             Began as a Barachi Fighter on Apr 4, 2018.
             Got out of the dungeon alive.
             The game lasted 00:01:01 (680 turns).

Kairos the Skirmisher (Barachi Fighter)              Turns: 680, Time: 00:01:01

Health: 30/30      AC:  8    Str: 17    XL:     3   Next: 8%
Magic:  3/3        EV:  7    Int:  8    God:
Gold:   16         SH:  9    Dex: 12    Spells: 2/2 levels left

rFire    . . .     SeeInvis .   k - +0 spear (curse)
rCold    . . .     Gourm    .   c - +0 shield
rNeg     . . .     Faith    .   b - +0 scale mail
rPois    .         Spirit   .   h - +1 hat
rElec    .         Reflect  .   (no cloak)
rCorr    .         Harm     .   (no gloves)
MR       .....                  (no boots)
Stlth    ..........             (no amulet)
HPRegen  0.10/turn              (no ring)
MPRegen  0.08/turn              (no ring)

@: slow
A: +LOS, swims, slowness 1, strong legs 1
a: Hop


You escaped.
You were not hungry.

You visited 1 branch of the dungeon, and saw 1 of its levels.

You collected 16 gold pieces.

Inventory:

Hand Weapons
 a - a +0 long sword
 k - a cursed +0 spear (weapon)
Armour
 b - a +0 scale mail (worn)
 c - a +0 shield (worn)
 h - a +1 hat (worn)
Scrolls
 e - 2 scrolls of teleportation {unknown}
 i - a scroll of amnesia {unknown}
 j - a scroll of enchant weapon {unknown}
 n - a scroll of magic mapping {unknown}
Potions
 d - 2 potions of might
 g - a potion of degeneration {unknown}
 l - a potion of curing {unknown}
 m - a potion of heal wounds {unknown}
Comestibles
 f - 2 rations


   Skills:
 + Level 4.0 Fighting
 + Level 2.9 Long Blades
 + Level 0.2 Polearms
 + Level 3.9 Armour
 + Level 0.2 Stealth
 + Level 3.6 Shields


You had 2 spell levels left.
You didn't know any spells.

Dungeon Overview and Level Annotations

Branches:
Dungeon (1/15)

Altars:


Innate Abilities, Weirdness & Mutations

Shadows flee at your approach. (+LOS)
You can swim through water.
You cover ground slowly.
You can hop short distances.


Message History

No target in view!
No target in view!
No target in view!
No target in view!
No target in view!
No target in view!
No target in view!
Things that are here:
a club; a goblin corpse You see here a dagger.
You see here 4 stones.
Key pressed, stopping explore.
Done exploring.
No target in view!
No target in view!
No target in view!
No target in view!
There is a staircase leading out of the dungeon here.
Are you sure you want to leave the Dungeon?
This will make you lose the game!
You have escaped!

# #....#.......†.#
###.##.# # #
##....###########
#...##.#### # #....##
##...# ##......... #
#.#### ##..#####
#.#######. # #.#
##.......## #.# #.
#####.######.........###.#
#.
.........##....≈≈≈....##.#
#.
.####.##.#....≈...≈....#.#
#. .#
#.##......≈.@.≈......# #.
## #.####....≈[..≈....###
#. # #.# ##....≈≈≈....##
#. #####.######.........##
#. #.....##.# ##.......##
#. #.######.# ##...#.##
#########. #.######.##
##.#### #.........
...##..)..#######
#############
...##.........# #.#


There were no monsters in sight!

Vanquished Creatures
  2 dart slugs (D:1)
  A leopard gecko (D:1)
  2 bats (D:1)
  3 giant cockroaches (D:1)
  5 goblins (D:1)
  A hobgoblin (D:1)
  A kobold (D:1)
  A ball python (D:1)
  3 rats (D:1)
19 creatures vanquished.

Notes
Turn   | Place    | Note
-------+----------+-------------------------------------------
     0 | D:1      | Kairos the Barachi Fighter began the quest for the Orb.
     0 | D:1      | Reached XP level 1. HP: 18/18 MP: 1/1
   111 | D:1      | Reached XP level 2. HP: 23/25 MP: 2/2
   248 | D:1      | Reached skill level 4 in Fighting
   395 | D:1      | Reached XP level 3. HP: 30/30 MP: 3/3
   680 | D:$      | Got out of the dungeon alive.

Vault maps used:
D:1:      enne_arrival_octagon_isle, serial_bayou_crossing

Skill      XL: |  1  2 |
---------------+-------+-----
Fighting       | 4 |  4.0
Long Blades    | |  2.9
Polearms       | |  0.2
Armour         | |  3.9
Stealth        | |  0.2
Shields        | |  3.6

Action                   || total
-------------------------++-------
Melee: Long sword        ||    16
       Spear             ||    47
Armor: Scale mail        ||    17
Dodge: Dodged            ||    17
Block: Shield            ||    26
       Rpst.: Long sword ||     3

Table legend:
 A = Spawn XP
 B = Non-spawn XP
 C = Spawn XP percentage of total XP
 D = Spawn monster count
 E = Non-spawn monster count
 F = Spawn count percentage of total count
 G = Total turns spent on level
                    A         B        C        D         E        F      G
               +---------+---------+-------+---------+---------+-------+---------
         Total |       0 |      38 |   0.0 |       0 |      19 |   0.0 |   680
               +---------+---------+-------+---------+---------+-------+---------
           D:1 |       0 |      38 |   0.0 |       0 |      19 |   0.0 |   680
               +---------+---------+-------+---------+---------+-------+---------
